 Dungeon Crawl Stone Soup version 0.30-a0-135-g630cfc4551 (webtiles) character file.

Game seed: 8048159879695159385

9 bande the Trooper (level 2, -13/27 HPs)
             Began as a Hill Orc Fighter on Sept 21, 2022.
             Mangled by a kobold
             ... wielding a +1 short sword of distortion
              (16 damage)
             ... on level 1 of the Dungeon.
             The game lasted 00:00:27 (259 turns).

bande the Trooper (Hill Orc Fighter)                 Turns: 259, Time: 00:00:28

Health: -13/27     AC:  6    Str: 18    XL:     2   Next: 16%
Magic:  2/2        EV:  9    Int:  8    God:
Gold:   9          SH:  4    Dex: 10    Spells: 1/1 levels left

rFire   . . .      SeeInvis .    a - +0 war axe
rCold   . . .      Faith    .    c - +0 buckler
rNeg    . . .      Spirit   .    b - +0 scale mail
rPois   .          Reflect  .    (no helmet)
rElec   .          Harm     .    (no cloak)
rCorr   .          Rampage  .    (no gloves)
Will    .....                    (no boots)
Stlth   ..........               (no amulet)
HPRegen 0.09/turn                (no ring)
MPRegen 0.08/turn                (no ring)

@: no status effects
A: no striking features
a: no special abilities


You were on level 1 of the Dungeon.
You visited 1 branch of the dungeon, and saw 1 of its levels.

You collected 9 gold pieces.

Inventory:

Hand Weapons
 a - a +0 war axe (weapon)
Armour
 b - a +0 scale mail (worn)
 c - a +0 buckler (worn)
Scrolls
 e - a scroll of summoning {unknown}
 f - a scroll of magic mapping {unknown}
Potions
 d - a potion of might
 g - a potion of curing {unknown}


   Skills:
 + Level 4.0 Fighting
 + Level 3.0 Axes
 + Level 3.4 Armour
 + Level 3.3 Shields


You had one spell level left.
You didn't know any spells.
Your spell library was empty.

Dungeon Overview and Level Annotations

Branches:
Dungeon (1/15)

Altars:


Message History

You barely miss the frilled lizard. The frilled lizard barely misses you.
The frilled lizard bites you.
You hit the frilled lizard.
You kill the frilled lizard!
No target in view!
No target in view!
No target in view!
HP restored.
You see here a hobgoblin corpse.
You see here a hobgoblin corpse.
A kobold comes into view.
It is wielding a +1 short sword of distortion.
The kobold shouts!
The kobold throws a stone.
The stone hits you but does no damage.
A rat comes into view.
The kobold throws a stone.
The stone hits you but does no damage.
The rat moves out of view.
You barely miss the kobold. The kobold barely misses you.
You hit the kobold.
The kobold is severely wounded.
The kobold hits you but does no damage. Space warps horribly around you!
Ouch! That really hurt!
The kobold hits you with a +1 short sword of distortion.
* * * LOW HITPOINT WARNING * * *
Space warps around you.
* * * LOW HITPOINT WARNING * * *
Unknown command.
You hit the kobold but do no damage.
The kobold is severely wounded.
You closely miss the rat. You block the rat's attack.
The kobold barely misses you.
Unknown command.
You closely miss the kobold.
The kobold is severely wounded.
You slash the rat!
You kill the rat!
The kobold hits you with a +1 short sword of distortion.
* * * LOW HITPOINT WARNING * * *
Space warps horribly around you!
Ouch! That really hurt!
You die...

####### ####
#.....### #..
####.......# #K#
.........#.# #@#
####.....#.#####†####
#................#
##..†.#.#####.##.#
#.#.##.# #... ..
#.#.##.# ####.###
#.#.##.# # #......# #
##...###


You could see a kobold.

Vanquished Creatures
  2 ball pythons (D:1)
  A hobgoblin (D:1)
  A quokka (D:1)
  3 bats (D:1)
  2 frilled lizards (D:1)
  A rat (D:1)
10 creatures vanquished.

Vanquished Creatures (others)
  4 toadstools (D:1)
4 creatures vanquished.

Grand Total: 14 creatures vanquished

Notes
Turn   | Place    | Note
-------+----------+-------------------------------------------
     0 | D:1      | bande the Hill Orc Fighter began the quest for the Orb.
     0 | D:1      | Reached XP level 1. HP: 19/19 MP: 1/1
   178 | D:1      | Reached skill level 4 in Fighting
   190 | D:1      | Reached XP level 2. HP: 27/27 MP: 2/2
   259 | D:1      | Mangled by a kobold

Illustrated notes

Levels and vault maps discovered:
D:1:      ldierk_walled_garden_2, layout_loops_corners,
          hellmonk_ecumenical_altar_run_dry, amcnicky_mini_rare_corridor_liquid,
          minivault_4, chequers_serial_rivers_room_b, st_stairs_8

Skill      XL: |  1  2 |
---------------+-------+-----
Fighting       | 4 |  4.0
Axes           | 3 |  3.0
Armour         | |  3.4
Shields        | |  3.3

Action                   || total
-------------------------++-------
Melee: War axe           ||    24
Armor: Scale mail        ||    15
Dodge: Dodged            ||    10
Block: Buckler           ||     8

Table legend: (Time is in decaauts)
 A = Elapsed time spent in this place.
 B = Non-inter-level travel time spent in this place.
 C = Inter-level travel time spent in this place.
 D = Time resting spent in this place.
 E = Time spent auto-exploring this place.
 F = Levels seen in this place.
 G = Mean time per level.
                   A        B        C        D        E       F      G
               +--------+--------+--------+--------+--------+-----+--------+
         Total |    278 |    278 |      0 |      0 |    222 |   1 |  278.0 |
       Dungeon |    278 |    278 |      0 |      0 |    222 |   1 |  278.0 |
               +--------+--------+--------+--------+--------+-----+--------+

Top non-repeatable levels by time:
     D:1: 278 daAuts
